 Dungeon Crawl Stone Soup version 0.29.0-5-ge4962eb29e (webtiles) character file.

Game seed: 13205276002153730420

9278 SensoryNuts the Severer (level 11, -9/142 HPs)
             Began as a Hill Orc Fighter on Aug 28, 2022.
             Was a Priest of Jiyva.
             Mangled by an orc warrior
             ... wielding a +0 halberd
             ... led by an orc knight
              (20 damage)
             ... on level 2 of the Orcish Mines.
             The game lasted 00:11:31 (10228 turns).

SensoryNuts the Severer (Hill Orc Fighter)         Turns: 10228, Time: 00:11:32

Health: -9/142     AC: 15    Str: 24    XL:     11   Next: 44%
Magic:  0/11       EV: 18    Int:  8    God:    Jiyva [***...]
Gold:   743        SH:  9    Dex: 10    Spells: 10/10 levels left

rFire   . . .      SeeInvis .   a - +3 war axe (venom)
rCold   . . .      Faith    .   G - +0 kite shield
rNeg    . . .      Spirit   +   b - +0 scale mail
rPois   .          Reflect  .   j - +2 helmet
rElec   .          Harm     .   E - scarf {repulsion}
rCorr   +          Rampage  .   D - +0 pair of gloves
Will    .....                   f - +1 pair of boots
Stlth   ..........              t - amulet of guardian spirit
HPRegen 1.45/turn               g - ring of flight
MPRegen 0.47/turn               h - +4 ring of evasion

@: agile, berserking (expiring), flying, repel missiles, very quick
A: wild magic 3, tendrils
a: Renounce Religion, Convert to Beogh, Oozemancy


You were on level 2 of the Orcish Mines.
You worshipped Jiyva.
Jiyva was most pleased with you.
You visited 3 branches of the dungeon, and saw 13 of its levels.
You also visited: Ossuary.

You collected 743 gold pieces.

Inventory:

Hand Weapons
 a - a +3 war axe of venom (weapon)
Armour
 b - a +0 scale mail (worn)
 f - a +1 pair of boots (worn)
 j - a +2 helmet (worn)
 D - a +0 pair of gloves (worn)
 E - a scarf of repulsion (worn)
 G - a +0 kite shield (worn)
Jewellery
 g - a ring of flight (left hand)
 h - a +4 ring of evasion (right hand)
 o - an amulet of magic regeneration
 t - an amulet of guardian spirit (around neck)
 y - an amulet of faith
 H - a ring of magical power
 I - a ring of positive energy
Wands
 c - a wand of digging (3)
 u - a wand of polymorph (7)
 w - a wand of mindburst (16)
Scrolls
 k - 7 scrolls of immolation
 m - 4 scrolls of fog
 x - a scroll of magic mapping
 z - 2 scrolls of amnesia
 A - a scroll of identify
 C - a scroll of torment
Potions
 d - 2 potions of might
 e - 3 potions of flight
 i - a potion of lignification
 l - 11 potions of degeneration
 p - 2 potions of ambrosia
 q - a potion of haste
 r - 4 potions of curing
 s - 5 potions of heal wounds
 v - 4 potions of mutation
 B - 4 potions of magic


   Skills:
 + Level 8.7 Fighting
 * Level 16.9 Axes
 + Level 7.8 Armour
 + Level 4.0 Dodging
 + Level 0.3 Stealth
 + Level 6.2 Shields


You had 10 spell levels left.
You didn't know any spells.
Your spell library contained the following spells:

 Spells                   Type           Power      Damage    Failure   Level
 Conjure Flame            Conj/Fire      0%         6-21      100%        3
 Ignite Poison            Fire/Tmut/Pois 0%         N/A       100%        3
 Summon Guardian Golem    Hex/Summ       0%         N/A       100%        3
 Sticky Flame             Conj/Fire      0%         2d3       100%        4
 Orb of Destruction       Conj           0%         9d5       100%        7
 Spellforged Servitor     Conj/Summ      0%         N/A       100%        7


Dungeon Overview and Level Annotations

Branches:
Dungeon (10/15)            Temple (1/1) D:7            Lair (0/5) D:8
    Orc (2/2) D:10        Ossuary (visited)
    Elf: Orc:2

Altars:
Ashenzari
Cheibriados
Dithmenos
Elyvilon
Fedhas
Gozag
Hepliaklqana
Kikubaaqudgha
Makhleb
Nemelex Xobeh
Okawaru
Qazlal
Ru
Sif Muna
Trog
Uskayaw
Vehumet
Wu Jian
Xom
Yredelemnul
Zin
The Shining One
Jiyva

Shops:
D:3 =   D:6 *   D:7 *:   D:9 =


Innate Abilities, Weirdness & Mutations

Your spells are much harder to cast, but much more powerful.
You are covered in slimy tendrils that may disarm your opponents.


Message History

The orc high priest shouts, "Surrender to Beogh and we'll let you live!"
You hit the orc knight.
The orc knight looks as sick as possible!
You hit the orc high priest.
The orc high priest is poisoned.
You hit the cyclops.
The cyclops looks as sick as possible!
You miss the orc high priest.
The orc high priest shouts, "Surrender to Beogh and we'll let you live!"
The orc high priest shouts, "Join the one true god or die!"
You hit the rust devil.
The rust devil is heavily wounded.
You barely miss the orc knight. You hit the orc high priest.
The orc high priest shouts, "Join the one true god or die!"
You slice the cyclops!!
The cyclops looks as sick as possible!
You barely miss the orc high priest.
The orc priest shouts, "Beogh is our master!
Accept the truth or die!" x2
You block the orc high priest's attack. The orc warrior misses you.
The orc knight roars a battlecry!
The orc high priest goes into a battle-frenzy!
The orc high priest closely misses you.
The rust devil is engulfed in seething chaos.
The rust devil barely misses you.
The cyclops hits you but does no damage.
You barely miss the rust devil.
The rust devil is heavily wounded.
The orc high priest shouts, "Beogh is our master!
Accept the truth or die!"
You slash the orc high priest!
The orc high priest shouts, "Surrender to Beogh and we'll let you live!"
You hit the orc knight but do no damage.
The orc knight looks as sick as possible!
The orc high priest shouts, "Beogh is our master!
Accept the truth or die!"
You slash the orc high priest!
The orc high priest looks as sick as possible!
You barely miss the orc high priest.
The orc high priest shouts, "Surrender to Beogh and we'll let you live!"
You slash the cyclops!
You kill the cyclops!
The orc priest shouts, "Beogh is our master!
Accept the truth or die!"
The red devil hits you but does no damage.
The orc warrior hits you from afar with a +0 halberd!!
You die...

#### ##### .
#####..###..#.#..
..#..#....#........
#.................
.#.$...o.........#.
.......o@o..$..$...
......o(o4o........
...#..oh4oo........
.#....o4o..[......
..........)))......
........o.)[[#.....
.........[.<#......
........).[........
.......[)..........


You could see an orc knight (extremely poisoned), 4 orc high priests, a rust
devil (summoned), a warg, 2 red devils, 2 orc warriors, 2 orc priests and 3
orcs.

Vanquished Creatures
  A tengu warrior (D:10)
  An orc high priest (Orc:2)
  An orc sorcerer (Orc:1)
  A cyclops (Orc:2)
  2 trolls
  2 hornets
  6 wyverns
  Eustachio (D:5)
  A basilisk (D:8)
  An acid dragon (D:10)
  4 wargs (Orc:2)
  6 water moccasins
  5 orc warriors
  A sky beast (D:6)
  3 black bears (D:8)
  2 ice beasts (D:6)
  A wolf (D:8)
  2 centaurs
  Blork the orc (D:5)
  4 kobold brigands
  4 bullfrogs
  A necrophage (D:6)
  4 scorpions
  8 wights
  11 killer bees
  3 howler monkeys
  7 jellies
  8 orc priests
  5 hounds
  2 gnoll boudas
  8 orc wizards
  2 mummies (Ossuary)
  Robin (D:3)
  8 gnolls
  9 river rats (D:4)
  12 adders
  2 shadow imps
  3 white imps
  An ufetubus (D:5)
  4 dart slugs
  48 orcs
  4 ball pythons
  5 endoplasms
  4 giant cockroaches
  A gnoll zombie (Ossuary)
  14 goblins
  8 hobgoblins
  9 jackals
  25 kobolds
  2 quokkas
  5 bats
  2 frilled lizards
  5 goblin zombies (Ossuary)
  A hobgoblin zombie (Ossuary)
  An orc zombie (Ossuary)
  13 rats
296 creatures vanquished.

Vanquished Creatures (others)
  A warg (D:10)
  A kobold brigand (D:8)
  5 jellies
  2 orcs
  7 kobolds
  2 fungi (D:8)
  13 plants
31 creatures vanquished.

Grand Total: 327 creatures vanquished

Notes
Turn   | Place    | Note
-------+----------+-------------------------------------------
     0 | D:1      | SensoryNuts the Hill Orc Fighter began the quest for the
                  | Orb.
     0 | D:1      | Reached XP level 1. HP: 19/19 MP: 1/1
    33 | D:1      | You fall into a shaft and drop 1 floor!
    57 | D:2      | Reached XP level 2. HP: 23/27 MP: 2/2
   119 | D:1      | Reached skill level 3 in Axes
   264 | D:1      | Reached XP level 3. HP: 30/33 MP: 3/3
  1417 | D:2      | Reached skill level 4 in Axes
  1435 | D:2      | Reached XP level 4. HP: 40/40 MP: 4/4
  1677 | D:3      | Found a snail-covered altar of Cheibriados.
  1678 | D:3      | Found a hazy altar of Hepliaklqana.
  1713 | D:3      | Found a faded altar of an unknown god.
  1882 | D:3      | Reached skill level 1 in Dodging
  1908 | D:3      | Found Qomaczos's Jewellery Shop.
  1909 | D:3      | Noticed Robin
  1923 | D:3      | Killed Robin
  1924 | D:3      | Reached XP level 5. HP: 45/46 MP: 5/5
  1926 | D:3      | Reached skill level 5 in Axes
  2355 | D:3      | Reached skill level 6 in Axes
  2628 | D:4      | Reached XP level 6. HP: 50/52 MP: 6/6
  2633 | D:4      | Reached skill level 7 in Axes
  2726 | D:4      | Reached XP level 7. HP: 60/60 MP: 7/7
  2876 | D:4      | Reached skill level 8 in Axes
  3458 | D:4      | Reached skill level 9 in Axes
  3588 | D:5      | Entered Level 5 of the Dungeon
  3625 | D:5      | Noticed Blork the orc
  3633 | D:5      | Killed Blork the orc
  3634 | D:5      | Reached XP level 8. HP: 57/67 MP: 8/8
  3925 | D:5      | Noticed Eustachio
  3941 | D:5      | Killed Eustachio
  4021 | D:5      | Reached skill level 5 in Fighting
  4021 | D:5      | Reached skill level 10 in Axes
  4604 | D:6      | Found Ziexesch's CLEARANCE SALE!.
  4653 | D:6      | Reached skill level 5 in Armour
  4674 | D:6      | Found a sand-covered staircase.
  4682 | Ossuary  | Entered an ossuary
  5093 | D:6      | Reached skill level 11 in Axes
  5391 | D:6      | Found a shimmering blue altar of Sif Muna.
  5398 | D:6      | Reached XP level 9. HP: 38/75 MP: 3/9
  5556 | D:6      | Reached skill level 12 in Axes
  5625 | D:6      | Reached skill level 5 in Shields
  5657 | D:6      | Found a glowing golden altar of the Shining One.
  6403 | D:7      | Found Qyah's Book Emporium.
  6415 | D:7      | Found a staircase to the Ecumenical Temple.
  6429 | D:7      | Found Isecicue's Overcharged Wands.
  6441 | Temple   | Entered the Ecumenical Temple
  6655 | D:7      | Found a white marble altar of Elyvilon.
  6769 | D:7      | Found an ornate altar of the Wu Jian Council.
  6815 | D:8      | Found a staircase to the Lair.
  6823 | D:8      | Reached skill level 13 in Axes
  6848 | D:7      | Reached skill level 14 in Axes
  6848 | D:7      | Reached XP level 10. HP: 41/84 MP: 6/10
  7267 | D:8      | Paralysed by a hornet for 3 turns
  7651 | D:8      | Found a viscous altar of Jiyva.
  7667 | D:8      | Became a worshipper of Jiyva Jeahu the Shapeless
  8141 | D:8      | Reached skill level 15 in Axes
  8173 | D:8      | Reached * piety under Jiyva
  8324 | D:9      | Found an ancient bone altar of Kikubaaqudgha.
  8658 | D:9      | Reached ** piety under Jiyva
  8750 | D:9      | Found Pedevoffe's Jewellery Shoppe.
  9282 | D:10     | Entered Level 10 of the Dungeon
  9424 | D:10     | Noticed a tengu warrior
  9436 | D:10     | Killed a tengu warrior
  9437 | D:10     | Reached skill level 16 in Axes
  9437 | D:10     | Reached XP level 11. HP: 43/94 MP: 5/11
  9751 | D:10     | Found a hide-covered altar of Uskayaw.
  9810 | D:10     | Found a staircase to the Orcish Mines.
 10053 | Orc:1    | Entered Level 1 of the Orcish Mines
 10053 | Orc:1    | Noticed an orc sorcerer
 10057 | Orc:1    | Killed an orc sorcerer
 10136 | Orc:2    | Entered Level 2 of the Orcish Mines
 10136 | Orc:2    | Reached *** piety under Jiyva
 10136 | Orc:2    | Gained mutation: Your spells are a little harder to cast,
                  | but a little more powerful. [Jiyva's grace]
 10136 | Orc:2    | Gained mutation: Your spells are harder to cast, but more
                  | powerful. [Jiyva's grace]
 10136 | Orc:2    | Gained mutation: Your spells are much harder to cast, but
                  | much more powerful. [Jiyva's grace]
 10136 | Orc:2    | Gained mutation: You are covered in slimy tendrils that may
                  | disarm your opponents. [Jiyva's grace]
 10162 | Orc:2    | Noticed an orc high priest
 10182 | Orc:2    | Killed an orc high priest
 10185 | Orc:2    | Noticed an orc high priest
 10187 | Orc:2    | Noticed a cyclops
 10187 | Orc:2    | Noticed an orc knight
 10188 | Orc:2    | Noticed an orc high priest
 10215 | Orc:2    | Noticed an orc high priest
 10221 | Orc:2    | Noticed an orc high priest
 10228 | Orc:2    | Killed a cyclops
 10228 | Orc:2    | Mangled by an orc warrior

Illustrated notes

Levels and vault maps discovered:
D:1:      dpeg_arrival_simpleton_b, layout_rooms
D:2:      layout_rooms
D:3:      layout_loops_ring, mainiacjoe_overflow_divided_tiny,
          ebering_ecumenical_altar_box, serial_shops,
          nicolae_shop_competitors_out_of_business, uniq_robin
D:4:      layout_loops_ring, serial_bayou_pond_c, dk_rats_in_the_wall
D:5:      layout_basic, uniq_blork_the_orc, uniq_eustachio
D:6:      layout_loops_ring, overflow_temple_1_default,
          nicolae_tso_carved_into_rock, lightli_ossuary_entry_decrepit_ruins,
          nicolae_shop_clearance
D:7:      layout_cave_pools, elyvilon_altar_3,
          nicolae_wu_jian_immortal_techniques,
          minmay_temple_entry_statues_fountains, serial_shops, shop,
          nicolae_shop_overcharged_wands
D:8:      layout_gridville, minmay_lair_entry_grove, enter_bailey_8,
          jiyva_altar_1
D:9:      layout_loops_ring, nicolae_kikubaaqudgha_miasma_corner, serial_shops,
          nicolae_shop_hallway_stairs, hex_tiny
D:10:     layout_loops_ring, nicolae_uskayaw_dance_studio, david_orc_3
Temple:   eino_temple_lava
Orc:1:    layout_caves
Orc:2:    st_orc_town, layout_caves

Skill      XL: |  1  2  3  4  5  6  7  8  9 10 11 |
---------------+----------------------------------+-----
Axes           | 3 4 6 7 9 11 14 16 | 16.9
Fighting       | 4 5 6 7 8 |  8.7
Dodging        | 1 2 3 4 |  4.0
Armour         | 4 5 6 7 |  7.8
Shields        | 4 5 6 |  6.2
Stealth        | |  0.3

Action                   |  1- 3 |  4- 6 |  7- 9 | 10-12 || total
-------------------------+-------+-------+-------+-------++-------
Melee: War axe           |    84 |   112 |   286 |   286 ||   768
  Use: Scroll            |     7 |     3 |    13 |     2 ||    25
       Potion            |       |       |     6 |     2 ||     8
Armor: Scale mail        |    54 |    38 |    95 |   103 ||   290
Dodge: Dodged            |    30 |   109 |   199 |   173 ||   511
       Repelled          |       |       |       |     1 ||     1
Block: Buckler           |    25 |    34 |    72 |    34 ||   165
       Kite shield       |       |       |       |    78 ||    78
